 Dungeon Crawl Stone Soup version 0.31-a0-716-gc7603755dd (webtiles) character file.

Game seed: 8384047247976743710

1578 jlumianski the Chopper (level 8, -2/62 HPs)
             Began as a Demonspawn Fighter on Sept 9, 2023.
             Was a Believer of Okawaru.
             Killed from afar by an electric eel (4 damage)
             ... with a bolt of electricity
             ... on level 6 of the Dungeon on Sept 11, 2023.
             The game lasted 00:29:37 (6156 turns).

jlumianski the Chopper (Demonspawn Fighter)         Turns: 6156, Time: 00:29:37

Health: -2/62      AC: 17    Str: 19    XL:     8   Next: 60%
Magic:  8/8        EV:  6    Int:  9    God:    Okawaru [**....]
Gold:   363        SH:  6    Dex: 19    Spells: 7/7 levels left

rFire   . . .        a - +0 war axe
rCold   . . .        c - +0 buckler
rNeg    . . .        u - +0 plate armour
rPois   +            s - +0 helmet
rElec   .            (no cloak)
rCorr   .            (no gloves)
SInv    .            (no boots)
Will    .....        g - amulet of the acrobat Stlth
                     q - ring of poison resistance
HPRegen 0.30/turn    y - +6 ring of dexterity
MPRegen 0.22/turn

%: acrobat
@: no status effects
A: slimy green scales 3, ignite blood 2, magic regeneration
a: Renounce Religion, Heroism


You were on level 6 of the Dungeon.
You worshipped Okawaru.
Okawaru was pleased with you.
You visited 2 branches of the dungeon, and saw 8 of its levels.

You collected 363 gold pieces.

Inventory:

Hand Weapons
 a - a +0 war axe (weapon)
 l - a +0 dagger of speed
 w - the +0 falchion of the Brewing Asp {speed, Contam rF+ Int+3 Dex+2}
   (You found it on level 4 of the Dungeon)

   Int+3:     It affects your intelligence (+3).
   Dex+2:     It affects your dexterity (+2).
   rF+:       It protects you from fire.
   Contam:    It causes magical contamination when unequipped.
Missiles
 f - 28 stones
 z - 4 poisoned darts (quivered)
 C - 5 boomerangs
Armour
 b - a +0 scale mail
 c - a +0 buckler (worn)
 e - a +0 troll leather armour
 s - a +0 helmet (worn)
 t - a +0 chain mail
 u - a +0 plate armour (worn)
Jewellery
 g - an amulet of the acrobat (around neck)
 q - a ring of poison resistance (left hand)
 y - a +6 ring of dexterity (right hand)
Talismans
 o - a blade talisman
Scrolls
 h - 2 scrolls of amnesia {unknown}
 j - 2 scrolls of vulnerability {unknown}
 v - a scroll of enchant weapon {unknown}
 x - a scroll of teleportation
 A - 2 scrolls of enchant armour {unknown}
Potions
 d - a potion of might
 k - a potion of cancellation
 m - 3 potions of curing
 n - a potion of haste
 p - 2 potions of attraction
 r - a potion of degeneration
 B - a potion of mutation {unknown}
 D - a potion of enlightenment


   Skills:
 + Level 5.2 Fighting
 + Level 6.6 Axes
 + Level 2.0 Throwing
 + Level 5.3 Armour
 + Level 1.3 Dodging
 + Level 0.8 Stealth
 + Level 4.2 Shields


You had 7 spell levels left.
You didn't know any spells.
Your spell library contained the following spells:

 Spells                   Type           Power      Damage    Failure   Level
 Freeze                   Ice            0%         1d3       100%        1
 Blink                    Tloc           0%         N/A       100%        2
 Lesser Beckoning         Tloc           0%         N/A       100%        2
 Momentum Strike          Conj/Tloc      0%         3d8       100%        2
 Frozen Ramparts          Ice            0%         1d1       100%        3
 Hailstorm                Conj/Ice       0%         3d3       100%        3
 Sigil of Binding         Hex            0%         N/A       100%        3
 Dimensional Bullseye     Hex/Tloc       0%         N/A       100%        4
 Leda's Liquefaction      Hex/Erth       0%         N/A       100%        4
 Call Canine Familiar     Summ           Unusable   N/A       N/A         3
 Animate Dead             Necr           Unusable   N/A       N/A         4
 Haunt                    Necr/Summ      Unusable   N/A       N/A         7
 Infestation              Necr           Unusable   N/A       N/A         8

Dungeon Overview and Level Annotations

Branches:
Dungeon (7/15)             Temple (1/1) D:5

Altars:
Ashenzari
Cheibriados
Dithmenos
Fedhas
Gozag
Hepliaklqana
Kikubaaqudgha
Makhleb
Nemelex Xobeh
Okawaru
Qazlal
Ru
Sif Muna
Trog
Uskayaw
Xom
Yredelemnul

Annotations:
D:2 1 runed translucent door, Crazy Yiuf


Innate Abilities, Weirdness & Mutations

You are completely covered in slimy green scales. (AC +4, rPois)
Your demonic aura often causes spilled blood to erupt in flames.
You regenerate magic rapidly.


Message History

You slash the gnoll!
The gnoll is heavily wounded.
The gnoll hits you but does no damage.
You slash the gnoll!
You kill the gnoll!
Okawaru accepts your kill.
You see here a +0 flail.
You see here a +0 flail.
There is a staircase to the Ecumenical Temple here.
There is a stone staircase leading up here.
HP restored.
Done exploring.
There is a stone staircase leading down here.
You climb downwards.
There is a stone staircase leading up here.
You hit the electric eel.
The electric eel is moderately wounded.
The electric eel shoots out a bolt of lightning at you!
The bolt of electricity hits you! The bolt of electricity hits you.
The electric eel shoots out a bolt of lightning at you!
The bolt of electricity misses the electric eel.
The bolt of electricity hits you!
The electric eel shoots out a bolt of lightning at you!
The bolt of electricity misses the electric eel.
The bolt of electricity hits you!
You closely miss the electric eel.
The electric eel is moderately wounded.
The electric eel shoots out a bolt of lightning at you!
The bolt of electricity hits the electric eel.
The electric eel completely resists.
The bolt of electricity hits you!
* * * LOW HITPOINT WARNING * * *
The electric eel shoots out a bolt of lightning at you!
The bolt of electricity hits the electric eel.
The electric eel completely resists.
The bolt of electricity hits you.
* * * LOW HITPOINT WARNING * * *
The electric eel shoots out a bolt of lightning at you!
The bolt of electricity hits you!
* * * LOW HITPOINT WARNING * * *
The bolt of electricity hits you.
You die...

.................#
.................#
..#..............#
..#...##....##...#
..#...##....##...#
..#.........##..#######
..#.........##........#
..#.............)#....#.
..############..@'....'..
.......# #'#S♣♣~♣~♣~♣
##.....# ♣~~~S~~~~♣♣♣♣♣♣♣
.#.....# ♣♣♣S~~~♣~~~P~~~~
.#.....# ~~~~~≈≈≈≈♣~~S~~
.'.....' ~P~~~≈≈≈≈≈≈~~~P~
.#.....~ P~≈≈≈≈≈≈≈≈≈≈~PPP
##....~~ ~≈≈≈≈≈≈≈≈≈≈≈≈≈~♣
# ###♣ ≈≈≈≈≈≈≈≈≈≈≈≈~~~


You could see 3 electric eels.

Vanquished Creatures
  Menkaure (D:5)
  An orc warrior (D:6)
  An ice beast (D:5)
  A black bear (D:4)
  A phantom (D:6)
  8 scorpions
  2 jellies
  2 howler monkeys (D:6)
  4 hounds
  An orc priest (D:6)
  Jessica (D:2)
  An iguana (D:6)
  3 orc wizards
  Robin (D:2)
  7 adders
  3 gnolls
  A shadow imp (D:5)
  A white imp (D:6)
  4 worms
  3 dart slugs
  22 orcs
  5 endoplasms
  A giant cockroach (D:1)
  13 goblins
  7 hobgoblins
  7 jackals
  5 quokkas
  3 ball pythons
  3 bats
  A frilled lizard (D:2)
  7 kobolds
  7 rats
128 creatures vanquished.

Notes
Turn   | Place    | Note
-------+----------+-------------------------------------------
     0 | D:1      | jlumianski the Demonspawn Fighter began the quest for the
                  | Orb.
     0 | D:1      | Reached XP level 1. HP: 18/18 MP: 1/1
     0 | D:1      | Upgraded the game from 0.31-a0-705-ga145531891 to
                  | 0.31-a0-716-gc7603755dd
   202 | D:3      | Gained mutation: Your demonic aura sometimes causes spilled
                  | blood to erupt in flames. [demonic ancestry]
   202 | D:3      | Reached XP level 2. HP: 24/24 MP: 2/2
   601 | D:1      | Reached skill level 2 in Axes
  1077 | D:2      | Noticed Jessica
  1123 | D:2      | Killed Jessica
  1124 | D:2      | Gained mutation: You are partially covered in slimy green
                  | scales. (AC +2) [demonic ancestry]
  1124 | D:2      | Reached XP level 3. HP: 10/29 MP: 3/3
  1434 | D:2      | Gained mutation: You are mostly covered in slimy green
                  | scales. (AC +3) [demonic ancestry]
  1434 | D:2      | Reached XP level 4. HP: 35/35 MP: 4/4
  1997 | D:2      | Reached skill level 3 in Axes
  2001 | D:2      | Noticed Robin
  2128 | D:2      | Reached XP level 5. HP: 41/41 MP: 5/5
  2129 | D:2      | Killed Robin
  2235 | D:2      | Found a runed translucent door.
  2236 | D:2      | Noticed Crazy Yiuf
  2410 | D:4      | Identified the +0 falchion of the Brewing Asp {speed,
                  | Contam rF+ Int+3 Dex+2}
  2819 | D:5      | Entered Level 5 of the Dungeon
  2947 | D:4      | Noticed a black bear
  2957 | D:4      | Killed a black bear
  2958 | D:4      | Gained mutation: You regenerate magic rapidly. [demonic
                  | ancestry]
  2958 | D:4      | Reached XP level 6. HP: 25/48 MP: 6/6
  3104 | D:4      | Reached skill level 4 in Axes
  3115 | D:4      | Found a shimmering blue altar of Sif Muna.
  3577 | D:5      | Found a staircase to the Ecumenical Temple.
  3591 | Temple   | Entered the Ecumenical Temple
  3618 | Temple   | Became a worshipper of Warmaster Okawaru
  3662 | D:5      | Noticed an ice beast
  3671 | D:5      | Killed an ice beast
  3909 | D:5      | Gained mutation: Your demonic aura often causes spilled
                  | blood to erupt in flames. [demonic ancestry]
  3909 | D:5      | Reached XP level 7. HP: 50/54 MP: 7/7
  3964 | D:5      | Noticed Menkaure
  3971 | D:5      | Killed Menkaure
  3971 | D:5      | Reached * piety under Okawaru
  3972 | D:5      | Reached skill level 5 in Axes
  3972 | D:5      | Reached skill level 1 in Dodging
  4357 | D:6      | Found a blossoming altar of Fedhas.
  4357 | D:6      | Found a hazy altar of Hepliaklqana.
  4357 | D:6      | Found a shimmering altar of Xom.
  4390 | D:5      | Reached skill level 1 in Throwing
  4551 | D:5      | Found a burning altar of Makhleb.
  4551 | D:5      | Found a sparkling altar of Nemelex Xobeh.
  4560 | D:5      | Reached skill level 5 in Armour
  4667 | D:5      | Gained mutation: You are completely covered in slimy green
                  | scales. (AC +4, rPois) [demonic ancestry]
  4667 | D:5      | Reached XP level 8. HP: 57/60 MP: 8/8
  5468 | D:6      | Reached skill level 6 in Axes
  5480 | D:6      | Reached skill level 5 in Fighting
  5687 | D:6      | Reached ** piety under Okawaru
  5884 | D:6      | Found a snail-covered altar of Cheibriados.
  6156 | D:6      | HP: 2/62 [electric eel/bolt of electricity (13)]
  6156 | D:6      | Killed from afar by an electric eel

Illustrated notes

Levels and vault maps discovered:
D:1:      psy_arrival_fountain, layout_basic, minivault_11, minivault_23,
          chequers_serial_rivers_micro_d
D:2:      layout_loops_ring, uniq_robin, uniq_crazy_yiuf_cottage, uniq_jessica
D:3:      layout_basic
D:4:      layout_loops_ring, nicolae_overflow_hidden_temple,
          minmay_fractal_squares_gapless_5
D:5:      layout_basic, jmf_multi_god_temple, minmay_temple_entry_large_hall,
          uniq_menkaure
D:6:      layout_gridville, grunt_temple_overflow_open, lemuel_doored_altar,
          serial_bayou_lake_a
D:7:      layout_layer_cave, lemuel_round_altar, nicolae_elevator_lobby_asterisk
Temple:   nicolae_temple_bog_church

Skill      XL: |  1  2  3  4  5  6  7  8 |
---------------+-------------------------+-----
Axes           | 2 3 4 5 6 |  6.6
Armour         | 3 4 5 |  5.3
Shields        | 3 4 |  4.2
Fighting       | 4 5 |  5.2
Dodging        | 1 |  1.3
Throwing       | 1 2 |  2.0
Stealth        | |  0.8

Action                     |  1- 3 |  4- 6 |  7- 9 || total
---------------------------+-------+-------+-------++-------
  Melee: War axe           |    63 |   182 |   147 ||   392
  Throw: Dart              |       |     4 |     7 ||    11
    Use: Potion            |       |     2 |     4 ||     6
         Scroll            |       |     5 |     2 ||     7
 Armour: Scale mail        |    53 |    56 |       ||   109
         Chain mail        |       |   101 |    99 ||   200
         Plate armour      |       |       |    34 ||    34
  Dodge: Dodged            |    47 |    92 |    68 ||   207
  Block: Buckler           |    19 |    39 |    41 ||    99

Table legend: (Time is in decaauts)
 A = Elapsed time spent in this place.
 B = Non-inter-level travel time spent in this place.
 C = Inter-level travel time spent in this place.
 D = Time resting spent in this place.
 E = Time spent auto-exploring this place.
 F = Levels seen in this place.
 G = Mean time per level.
                   A        B        C        D        E       F      G
               +--------+--------+--------+--------+--------+-----+--------+
         Total |   6312 |   6148 |    164 |   1075 |   2026 |   8 |  789.0 |
       Dungeon |   6161 |   5997 |    164 |    972 |   2026 |   7 |  880.1 |
        Temple |    151 |    151 |      0 |    103 |      0 |   1 |  151.0 |
               +--------+--------+--------+--------+--------+-----+--------+

Top non-repeatable levels by time:
     D:5: 1302 daAuts
     D:2: 1195 daAuts
     D:4: 1163 daAuts
     D:1: 1065 daAuts
     D:6: 1045 daAuts
     D:3: 383 daAuts
  Temple: 151 daAuts
     D:7: 5 daAuts
